 Dungeon Crawl Stone Soup version 0.30.1-11-g7821555f0a (webtiles) character file.

Game seed: 13817335284231980790

550 lonewolfV2 the Trooper (level 7, 0/59 HPs)
             Began as a Formicid Fighter on Nov 1, 2023.
             Slain by a gnoll
             ... wielding a +0 spear
             ... led by a gnoll sergeant
              (2 damage)
             ... on level 5 of the Dungeon.
             The game lasted 00:04:39 (3478 turns).

lonewolfV2 the Trooper (Formicid Fighter)           Turns: 3478, Time: 00:04:40

Health: 0/59       AC: 11    Str: 21    XL:     7   Next: 54%
Magic:  7/7        EV:  5    Int:  7    God:
Gold:   166        SH:  6    Dex: 15    Spells: 6/6 levels left

rFire   . . .        a - +1 war axe
rCold   . . .        c - +1 buckler
rNeg    . . .        g - +0 plate armour
rPois   .            (helmet unavailable)
rElec   .            (no cloak)
rCorr   .            (no gloves)
SInv    +            (no boots)
Will    .....        (no amulet) Stlth
                     (no ring)
HPRegen 0.29/turn    (no ring)
MPRegen 0.10/turn

%: no passive effects
@: mighty
A: permanent stasis, dig shafts and tunnels, antennae 3, four strong arms
a: Dig, Shaft Self


You were on level 5 of the Dungeon.
You visited 1 branch of the dungeon, and saw 5 of its levels.

You collected 166 gold pieces.

Inventory:

Hand Weapons
 a - a +1 war axe (weapon)
Armour
 b - a +0 scale mail
 c - a +1 buckler (worn)
 g - a +0 plate armour (worn)
Jewellery
 f - a ring of fire
Wands
 i - a wand of digging (4)
 m - a wand of flame (5)
 r - a wand of iceblast (7)
Scrolls
 q - 2 scrolls of immolation
Potions
 e - a potion of haste
 j - a potion of lignification {unknown}
 k - 2 potions of brilliance
 n - 2 potions of curing {unknown}
 p - 2 potions of ambrosia {unknown}


   Skills:
 + Level 6.3 Fighting
 + Level 6.0 Axes
 - Level 3.2 Armour
 - Level 4.0 Shields


You had 6 spell levels left.
You didn't know any spells.
Your spell library contained the following spells:

 Spells                   Type           Power      Damage    Failure   Level
 Kiss of Death            Conj/Necr      0%         2d5       100%        1
 Confusing Touch          Hex            0%         N/A       100%        3
 Dispel Undead            Necr           0%         3d6       100%        4


Dungeon Overview and Level Annotations

Branches:
Dungeon (5/15)
 Temple: D:4-7

Altars:
Cheibriados


Innate Abilities, Weirdness & Mutations

You cannot be hasted, slowed, berserked, paralysed or teleported.
You can dig through walls and to a lower floor.
You have a pair of large antennae on your head. (SInv)
Your four strong arms can wield two-handed weapons with a shield.


Message History

The gnoll hits you but does no damage. x2
The gnoll sergeant hits you from afar with a +3 heavy trident!
You slash the gnoll!
You kill the gnoll!
You slash the gnoll! x2
You kill the gnoll!
The gnoll hits you from afar with a +0 spear.
The gnoll hits you but does no damage.
The gnoll sergeant hits you from afar with a +3 heavy trident!
* * * LOW HITPOINT WARNING * * *
The gnoll hits you but does no damage. The gnoll barely misses you.
The gnoll hits you but does no damage.
You feel much better. The gnoll hits you but does no damage.
You block the gnoll's attack.
You slash the gnoll!
The gnoll is almost dead.
You hit the gnoll.
You kill the gnoll!
The gnoll sergeant hits you from afar with a +3 heavy trident!!
* * * LOW HITPOINT WARNING * * *
You block the gnoll's attack. x2
You slash the gnoll!
You kill the gnoll!
The gnoll hits you from afar with a +0 spear.
* * * LOW HITPOINT WARNING * * *
The gnoll sergeant hits you but does no damage.
Your Axes skill increases to level 6!
The gnoll hits you with a +0 spear.
* * * LOW HITPOINT WARNING * * *
The gnoll sergeant hits you from afar with a +3 heavy trident!
* * * LOW HITPOINT WARNING * * *
Things that are here:
a +0 flail; a +0 flail; a gnoll corpse The gnoll sergeant hits you with a +3 heavy trident.
* * * LOW HITPOINT WARNING * * *
The gnoll barely misses you.
You slash the gnoll sergeant!
The gnoll sergeant is severely wounded.
You barely miss the gnoll. The gnoll hits you with a +0 spear.
You die...

#.............#
#.............#
#.............#
#.............#
#.............#
#.............#
#......g......#
#@))# ###.g.##
#......#
#......#
#......#
#......#
#......#
##...### #...##


You could see a gnoll sergeant and a gnoll.

Vanquished Creatures
  An ogre (D:4)
  A scorpion (D:3)
  A hound (D:4)
  2 orc priests
  Natasha (thrice) (D:4)
  2 sleepcaps (D:4)
  An orc wizard (D:4)
  4 gnolls (D:5)
  4 adders
  A worm (D:4)
  2 dart slugs
  5 orcs
  7 ball pythons
  3 bats
  6 endoplasms
  4 giant cockroaches
  5 goblins
  7 hobgoblins
  3 jackals (D:1)
  2 quokkas (D:1)
  7 frilled lizards
  6 kobolds
  9 rats
86 creatures vanquished.

Notes
Turn   | Place    | Note
-------+----------+-------------------------------------------
     0 | D:1      | lonewolfV2 the Formicid Fighter began the quest for the
                  | Orb.
     0 | D:1      | Reached XP level 1. HP: 18/18 MP: 1/1
   171 | D:1      | Reached XP level 2. HP: 24/24 MP: 2/2
   621 | D:1      | Reached XP level 3. HP: 29/29 MP: 3/3
  1015 | D:2      | Found a snail-covered altar of Cheibriados.
  1169 | D:2      | Reached XP level 4. HP: 37/37 MP: 4/4
  1708 | D:3      | Reached XP level 5. HP: 39/42 MP: 5/5
  2452 | D:4      | Reached skill level 5 in Fighting
  2452 | D:4      | Reached XP level 6. HP: 45/51 MP: 6/6
  2497 | D:4      | Reached skill level 5 in Axes
  2660 | D:4      | Noticed an ogre
  2668 | D:4      | Killed an ogre
  2854 | D:4      | Reached XP level 7. HP: 42/57 MP: 7/7
  3061 | D:4      | Noticed Natasha
  3071 | D:4      | Killed Natasha
  3103 | D:4      | Noticed Natasha
  3117 | D:4      | Killed Natasha
  3132 | D:4      | Noticed Natasha
  3140 | D:4      | Killed Natasha
  3456 | D:5      | Entered Level 5 of the Dungeon
  3477 | D:5      | HP: 2/59 [gnoll sergeant/+3 heavy trident (3)]
  3478 | D:5      | Slain by a gnoll

Illustrated notes

Levels and vault maps discovered:
D:1:      lightli_arrival_quake, layout_loops_corners, st_stairs_9,
          nicolae_figureground_pulse
D:2:      layout_rooms, basic_altar
D:3:      layout_basic, serial_bayou, serial_bayou_shore_a, serial_bayou_ford_a,
          serial_bayou_shore_b, serial_bayou_crossing
D:4:      layout_loops_cross, uniq_natasha
D:5:      layout_gridville, uniq_pikel

Skill      XL: |  1  2  3  4  5  6  7 |
---------------+----------------------+-----
Axes           | 3 4 5 6 |  6.0
Fighting       | 4 5 6 |  6.3
Armour         | |  3.2
Shields        | |  4.0

Action                     |  1- 3 |  4- 6 |  7- 9 || total
---------------------------+-------+-------+-------++-------
  Melee: War axe           |   101 |    94 |    44 ||   239
    Use: Scroll            |       |     9 |     1 ||    10
         Potion            |       |       |     3 ||     3
 Armour: Scale mail        |    44 |    12 |       ||    56
         Plate armour      |       |    39 |    35 ||    74
  Dodge: Dodged            |    51 |    31 |    12 ||    94
  Block: Buckler           |    35 |    25 |    12 ||    72
